Map: Neon Violet Square LE

Players

Pyloss

  • Race: Protoss Protoss
  • Spawn Location: 5:00

HeltEn - Winner!

  • Race: Terran Terran
  • Spawn Location: 11:00

Event: WCS Leipzig 2018

VOD

Have the link to the VOD?

Description

Time

  • Played on: Jan. 26, 2018, 7:14 a.m.
  • Length: 10:04

All games in this series

Show
View Real Time Build Order
Export as new Build Order

Pyloss Protoss 

Build Orders: Blink Stalkers 

Get SALT Encoding   

  12  0:00  Probe  
  13  0:12  Probe  
  14  0:18  Pylon  
  14  0:25  Probe (Chrono Boost)  
  15  0:37  Probe (Chrono Boost)  
  15  0:39  Gateway  
  16  0:45  Assimilator  
  16  0:48  Probe (Chrono Boost)  
  17  1:00  Pylon  
  17  1:01  Probe  
  18  1:14  Probe  
  19  1:20  Gateway  
  19  1:27  Cybernetics Core  
  19  1:32  Probe  
  20  1:38  Zealot  
  22  1:43  Assimilator  
  22  1:48  Probe  
  23  2:00  Probe  
  24  2:05  Stalker x2 (Chrono Boost)  
  28  2:23  Pylon  
  28  2:26  Probe  
  28  2:27  Stalker  
  28  2:29  Warp Gate  
  31  2:41  Probe  
  32  2:58  Stalker  
  34  3:08  Probe  
  34  3:09  Twilight Council  
  35  3:28  Nexus  
  34  3:36  Probe  
  34  3:39  Blink (Chrono Boost)  
  35  3:44  Pylon  
  35  3:48  Probe  
  36  4:00  Probe, Robotics Facility  
  37  4:28  Probe  
  36  4:40  Probe  
  37  4:47  Observer  
  37  4:51  Stalker x2  
  37  4:52  Probe  
  43  5:02  Probe  
  43  5:04  Probe  
  45  5:14  Probe  
  45  5:15  Observer  
  45  5:16  Probe  
  45  5:19  Charge (Chrono Boost)  
  45  5:20  Assimilator  
  48  5:23  Forge  
  48  5:24  Stalker  
  48  5:25  Stalker  
  48  5:27  Probe  
  53  5:28  Probe  
  54  5:39  Probe  
  54  5:40  Probe  
  54  5:51  Probe  
  54  5:53  Probe, Immortal (Chrono Boost)  
  58  5:57  Zealot x2  
  62  6:06  Probe  
  62  6:07  Probe  
  58  6:18  Probe  
  59  6:21  Stalker  
  59  6:30  Probe x2  
  58  6:42  Probe x2, Protoss Ground Armor Level 1 (Chrono Boost)  
  60  6:55  Probe x2  
  62  7:31  Pylon  
  62  7:32  Pylon  
  62  7:34  Nexus  
  62  7:35  Pylon  
  62  7:50  Probe x2  
  62  7:51  Assimilator  
  64  7:57  Gateway x2  
  64  8:03  Probe x2  
  64  8:05  Sentry  
  68  8:12  Gateway  
  68  8:15  Probe  
  69  8:34  Gateway  
  69  8:35  Immortal (Chrono Boost)  
  73  8:48  Zealot  
  75  9:02  Zealot  
  77  9:03  Zealot  
  79  9:10  Zealot  
  81  9:24  Zealot x3  
  85  9:33  Pylon x2  
  43  9:47  Stalker  
  43  9:48  Stalker x3  
Show
View Real Time Build Order
Export as new Build Order

HeltEn Terran - Winner!

Build Orders: Cyclone Opening, Gas First Reaper Expand, Reaper Expand, MMM Bio 

Get SALT Encoding   

  12  0:01  SCV  
  13  0:13  SCV  
  14  0:19  Supply Depot  
  14  0:25  SCV  
  15  0:29  Refinery  
  15  0:40  SCV  
  16  0:46  Barracks  
  16  0:52  SCV  
  17  1:05  SCV  
  18  1:17  SCV  
  19  1:34  Orbital Command, Reaper  
  20  1:56  Command Center  
  20  1:59  SCV  
  21  2:04  Factory  
  21  2:08  Barracks Reactor  
  21  2:13  Refinery  
  21  2:16  SCV  
  22  2:24  Supply Depot  
  22  2:30  Bunker  
  22  2:33  SCV  
  22  2:45  Marine x2  
  23  2:53  Cyclone  
  25  2:58  SCV  
  25  3:05  Marine x2  
  27  3:15  Orbital Command  
  27  3:19  SCV  
  28  3:31  Starport  
  28  3:32  SCV  
  29  3:36  Marine  
  29  3:38  Marine  
  31  3:42  Factory Tech Lab  
  31  3:45  SCV  
  32  3:54  Marine  
  33  3:56  Marine  
  33  4:00  Siege Tank  
  37  4:07  Orbital Command  
  37  4:11  Medivac  
  37  4:12  Marine  
  37  4:13  SCV  
  41  4:17  Marine  
  42  4:27  Liberator  
  42  4:30  Marine  
  43  4:33  Siege Tank  
  43  4:37  Supply Depot  
  46  4:39  Marine  
  50  4:45  SCV  
  51  4:54  Marine  
  51  4:57  SCV, Marine  
  54  5:08  Siege Tank  
  54  5:09  Orbital Command  
  54  5:12  SCV  
  58  5:20  Marine  
  58  5:21  Marine  
  60  5:25  Supply Depot, Barracks  
  60  5:26  Barracks  
  60  5:28  SCV  
  61  5:37  SCV  
  62  5:47  Marine x2  
  64  5:53  SCV x2  
  66  6:00  Supply Depot  
  66  6:09  Marine  
  66  6:10  Marine  
  66  6:13  Barracks Tech Lab  
  66  6:14  Barracks Tech Lab  
  66  6:15  Orbital Command  
  66  6:28  Siege Tank, Starport Reactor  
  66  6:32  SCV  
  70  6:35  Marine x2  
  70  6:36  Marine x2, Stimpack  
  70  6:39  Combat Shields  
  71  6:43  SCV  
  71  6:44  SCV  
  73  6:53  Engineering Bay  
  73  6:56  SCV x2  
  73  6:57  Marine x2  
  77  7:05  Marauder  
  78  7:12  Supply Depot  
  78  7:13  Marauder  
  79  7:20  Marine x2  
  79  7:23  SCV x2  
  79  7:24  Medivac  
  79  7:27  Factory Reactor, Marauder  
  85  7:33  Medivac  
  85  7:34  Marauder  
  85  7:35  Refinery, SCV  
  85  7:36  SCV, Refinery  
  91  7:45  Barracks  
  91  7:46  Marine  
  91  7:47  Marine  
  91  7:48  Barracks  
  91  7:49  SCV  
  94  7:53  Terran Infantry Weapons Level 1  
  94  8:08  Supply Depot  
  94  8:10  Supply Depot, Marine x2  
  94  8:11  SCV, Widow Mine  
  99  8:13  Widow Mine  
  99  8:18  Marauder  
  102  8:24  Concussive Shells  
  102  8:30  Supply Depot, Marauder  
  104  8:35  Widow Mine  
  104  8:37  Marine  
  104  8:38  Marine  
  104  8:40  Barracks Reactor  
  108  8:46  Marine  
  108  8:47  Marauder  
  111  8:49  SCV  
  111  8:51  Marine  
  111  8:52  SCV  
  111  8:55  Medivac  
  116  9:03  Supply Depot  
  116  9:04  Marine x2  
  116  9:09  Marauder  
  120  9:11  Widow Mine  
  113  9:40  Marine x4, Marauder  
  113  9:41  Widow Mine x2, Marauder x2  
  122  9:55  Supply Depot x2  
Tags
 
Add a new tag
Caveats
  • Supply blocks, unpowered buildings, or Contaminate may cause inaccurate times.
  • Supply counts are checked every 10 seconds.